 Dungeon Crawl Stone Soup version 0.29.1-2-gbd0b4ee654 (webtiles) character file.

Game seed: 9823213001233202379

51 fleeber the Conjurer (level 3, 0/19 HPs)
             Began as a Deep Elf Conjurer on Nov 8, 2022.
             Slain by an orc wizard
             ... wielding a +0 dagger
              (1 damage)
             ... on level 1 of the Dungeon.
             The game lasted 00:03:38 (1985 turns).

fleeber the Conjurer (Deep Elf Conjurer)            Turns: 1985, Time: 00:03:39

Health: 0/19       AC:  4    Str:  4    XL:     3   Next: 58%
Magic:  9/10       EV: 12    Int: 24    God:
Gold:   68         SH:  0    Dex: 13    Spells: 9/10 levels left

rFire   . . .      SeeInvis .   (no weapon)
rCold   . . .      Faith    .   (no shield)
rNeg    . . .      Spirit   .   a - +0 robe
rPois   .          Reflect  .   f - +1 helmet
rElec   .          Harm     .   (no cloak)
rCorr   .          Rampage  .   (no gloves)
Will    .....                   (no boots)
Stlth   ++........              (no amulet)
HPRegen 0.06/turn               (no ring)
MPRegen 0.12/turn               (no ring)

@: no status effects
A: no striking features
a: no special abilities


You were on level 1 of the Dungeon.
You visited 1 branch of the dungeon, and saw 2 of its levels.

You collected 68 gold pieces.

Inventory:

Armour
 a - a +0 robe (worn)
 f - a +1 helmet (worn)
Scrolls
 c - 2 scrolls of identify {unknown}
 e - a scroll of teleportation {unknown}
Potions
 b - a potion of magic
 d - a potion of haste {unknown}


   Skills:
 - Level 2.4 Dodging
 - Level 2.4 Stealth
 + Level 4.0 Spellcasting
 + Level 4.9 Conjurations
 + Level 1.9 Translocations


You had 9 spell levels left.
You knew the following spells:

 Your Spells              Type           Power      Damage    Failure   Level
a - Magic Dart            Conj           100%       1d8       1%          1

Your spell library contained the following spells:

 Spells                   Type           Power      Damage    Failure   Level
 Searing Ray              Conj           56%        2d6       1%          2
 Dazzling Flash           Conj/Hex       32%        N/A       11%         3
 Iskenderun's Mystic Bla  Conj/Tloc      21%        2d6       24%         4
 Fulminant Prism          Conj/Hex       8%         3d7       34%         4


Dungeon Overview and Level Annotations

Branches:
Dungeon (2/15)

Altars:

Shops:
D:2 =


Message History

You closely miss something. Something hits you but does no damage.
You barely miss something. Something hits you but does no damage.
You miss something. Something hits you.
You miss something.
You hear some strange, mumbled words.
You are confused.
You miss something. Something hits you but does no damage.
Something hits you but does no damage.
You hear some strange, mumbled words.
A puff of flame appears from out of thin air!
The puff of flame misses you.
You bump into the rock wall.
Something hits you.
You miss something.
You hear some strange, mumbled words.
A puff of flame appears from out of thin air!
The puff of flame hits you.
You're too confused to cast spells.
You feel less confused.
You hear some strange, mumbled words.
You are confused.
You bump into the rock wall.
You bump into the rock wall.
Something hits you.
You bump into the rock wall.
You hear some strange, mumbled words.
A puff of flame appears from out of thin air!
The puff of flame hits you!
* * * LOW HITPOINT WARNING * * *
You bump into the rock wall.
Something barely misses you.
You're too confused to cast spells.
You're too confused to cast spells.
You bump into the rock wall.
Something hits you but does no damage.
You bump into the rock wall.
Something hits you but does no damage.
You feel less confused.
You closely miss something. Something hits you.
* * * LOW HITPOINT WARNING * * *
You hit something but do no damage. Something hits you.
* * * LOW HITPOINT WARNING * * *
You hit something but do no damage. Something hits you but does no damage.
You hit something but do no damage. Something hits you.
You die...

###.###............# #.# #.#
#####.##.#.#####.# #.#
#.##.........#
#.#######.####.#######
#.........# #.# ########### #.#
#.# #.# ####### #@#########
#.....# #.#.......# #.###.#
#.#.###.♣♣#
#.....##########.#.# ♣.♣.♣####
.(.#...........>...♣♣♣...♣♣..#
#....†.#######....♣♣♣.PP♣P♣#.##
#.#.#..#.## ##..♣♣♣P....♣♣...#
#.........# ##.♣♣...♣♣.♣#.#.#
######.#.## #.♣P.♣P♣♣..#...#


There were no monsters in sight!

Vanquished Creatures
  An adder (D:2)
  3 orcs (D:2)
  An endoplasm (D:1)
  2 giant cockroaches
  7 jackals
  3 kobolds
  A quokka (D:1)
  4 ball pythons
  A bat (D:1)
  2 frilled lizards
  7 goblins
  3 rats
35 creatures vanquished.

Notes
Turn   | Place    | Note
-------+----------+-------------------------------------------
     0 | D:1      | fleeber the Deep Elf Conjurer began the quest for the Orb.
     0 | D:1      | Reached XP level 1. HP: 10/10 MP: 6/6
   362 | D:1      | Reached XP level 2. HP: 15/15 MP: 6/8
   506 | D:1      | Reached skill level 1 in Translocations
  1362 | D:2      | Reached XP level 3. HP: 19/19 MP: 2/10
  1850 | D:2      | Found Orphyfer's Jewellery Shoppe.
  1985 | D:1      | Slain by an orc wizard

Illustrated notes

Levels and vault maps discovered:
D:1:      dpeg_arrival_rooms_c, layout_loops_corners, serial_forest,
          infiniplex_forest_clump_double, infiniplex_forest_straight_4,
          infiniplex_forest_side_room, infiniplex_forest_side_room,
          infiniplex_forest_end_3, infiniplex_forest_lined_ring,
          infiniplex_forest_straight_5, infiniplex_forest_lined_room_3,
          minivault_11
D:2:      layout_loops_cross, serial_shops, shop

Skill      XL: |  1  2  3 |
---------------+----------+-----
Translocations | 1 |  1.9
Spellcasting   | 4 |  4.0
Dodging        | |  2.4
Stealth        | |  2.4
Conjurations   | |  4.9

Action                   || total
-------------------------++-------
Melee: Unarmed           ||    25
 Cast: Magic Dart        ||    57
Armor: Robe              ||    20
Dodge: Dodged            ||    34
